 Dungeon Crawl Stone Soup version 0.21-a0-538-gd16b88a (webtiles) character file.

6 theanonym the Skirmisher (level 1, -6/18 HPs)
             Began as a Demonspawn Monk on Dec 16, 2017.
             Mangled by a hobgoblin
             ... wielding a +0 mace
              (8 damage)
             ... on level 1 of the Dungeon.
             The game lasted 00:00:47 (363 turns).

theanonym the Skirmisher (Demonspawn Monk)           Turns: 363, Time: 00:00:48

Health: -6/18      AC:  2    Str: 11    XL:     1   Next: 75%
Magic:  1/1        EV: 13    Int: 11    God:
Gold:   5          SH:  0    Dex: 15    Spells: 0/0 levels left

rFire    . . .     SeeInvis .     - Unarmed
rCold    . . .     Gourm    .   (no shield)
rNeg     . . .     Faith    .   a - +0 robe {0}
rPois    .         Spirit   .   (no helmet)
rElec    .         Reflect  .   (no cloak)
rCorr    .         Harm     .   (no gloves)
MR       .....                  (no boots)
Stlth    ++........             (no amulet)
HPRegen  0.06/turn              (no ring)
MPRegen  0.07/turn              (no ring)

@: no status effects
A: no striking features
a: no special abilities


   Skills:
 + Level 3.1 Fighting
 + Level 2.8 Dodging
 + Level 1.9 Stealth
 + Level 2.8 Unarmed Combat


You couldn't memorise any spells.
You didn't know any spells.

Action                   || total
-------------------------++-------
Melee: Unarmed           ||    56
Armor: Robe              ||    18
Dodge: Dodged            ||    44

Inventory:

Armour
 a - a +0 robe (worn) {0}
Comestibles
 e - a bread ration


You were on level 1 of the Dungeon.
You were not hungry.

You visited 1 branch of the dungeon, and saw 1 of its levels.

You collected 5 gold pieces.

Dungeon Overview and Level Annotations

Branches:
Dungeon (1/15)

Altars:


Message History

You barely miss the giant cockroach. The giant cockroach closely misses you.
The giant cockroach barely misses you.
You hit the giant cockroach. The giant cockroach closely misses you.
You closely miss the giant cockroach. The giant cockroach barely misses you.
You hit the giant cockroach but do no damage.
The giant cockroach misses you.
You barely miss the giant cockroach. The giant cockroach barely misses you.
You barely miss the giant cockroach. The giant cockroach closely misses you.
You hit the giant cockroach but do no damage.
The giant cockroach bites you but does no damage.
You closely miss the giant cockroach. The giant cockroach barely misses you.
You hit the giant cockroach.
You kill the giant cockroach!
The bat barely misses you.
You hit the kobold. The kobold hits you but does no damage.
You barely miss the kobold. The kobold hits you with a dagger.
You take 2 damage, and have 15/18 hp.
You closely miss the kobold. The kobold closely misses you.
You hit the kobold but do no damage. You closely miss the kobold.
The kobold misses you.
You closely miss the kobold. The kobold hits you with a dagger.
You take 3 damage, and have 12/18 hp.
You closely miss the kobold. The kobold barely misses you.
You hit the kobold but do no damage. The kobold hits you with a dagger.
You take 1 damage, and have 11/18 hp.
You hit the kobold but do no damage. The kobold hits you with a dagger.
* * * LOW HITPOINT WARNING * * *
You take 3 damage, and have 8/18 hp.
You are too injured to fight recklessly!
You are too injured to fight recklessly!
You are too injured to fight recklessly!
You are too injured to fight recklessly!
You are too injured to fight recklessly!
You closely miss the kobold. The kobold hits you but does no damage.
You closely miss the kobold. The kobold hits you with a dagger.
* * * LOW HITPOINT WARNING * * *
You take 2 damage, and have 7/18 hp.
You barely miss the kobold. The kobold barely misses you.
You hit the kobold but do no damage. The kobold misses you.
You closely miss the kobold. The kobold misses you.
You hit the kobold but do no damage. The kobold misses you.
You hit the kobold. The kobold barely misses you.
You hit the kobold.
You kill the kobold!
The bat misses you.
You miss the bat. The bat closely misses you.
You hit the bat. The bat barely misses you. The bat closely misses you.
Things that are here:
a dagger; a kobold corpse; a giant cockroach corpse The bat misses you.
You barely miss the bat. The bat hits you.
* * * LOW HITPOINT WARNING * * *
The bat hits you.
* * * LOW HITPOINT WARNING * * *
You take 2 damage, and have 5/18 hp.
You barely miss the bat. The bat barely misses you.
A bat is nearby!
The bat hits you but does no damage.
You hit the bat but do no damage. The bat barely misses you.
The bat hits you but does no damage. The bat barely misses you.
The bat barely misses you. The bat hits you.
* * * LOW HITPOINT WARNING * * *
The bat barely misses you.
You take 1 damage, and have 5/18 hp.
You hit the bat. The bat hits you but does no damage. The bat hits you.
* * * LOW HITPOINT WARNING * * *
You take 1 damage, and have 4/18 hp.
The bat closely misses you.
Things that are here:
a dagger; a kobold corpse; a giant cockroach corpse You start resting.
You barely miss the bat. The bat hits you but does no damage.
A bat is nearby!
The bat hits you but does no damage. The bat misses you.
You closely miss the bat. The bat misses you.
You barely miss the bat. The bat barely misses you.
You hit the bat.
You kill the bat!
All of the chunks of flesh in your inventory have rotted away.
You start resting.
A hobgoblin comes into view. It is wielding a mace.
You regained 2 hp, and now have 6/18 hp.
The hobgoblin shouts!
You hit the hobgoblin. The hobgoblin barely misses you.
You closely miss the hobgoblin. The hobgoblin hits you with a mace.
* * * LOW HITPOINT WARNING * * *
You take 5 damage, and have 2/18 hp.
MASSIVE DAMAGE!!
You hit the hobgoblin but do no damage. You hit the hobgoblin.
The hobgoblin closely misses you.
You closely miss the hobgoblin. Your punch misses the hobgoblin.
The hobgoblin barely misses you.
You closely miss the hobgoblin. The hobgoblin misses you.
You closely miss the hobgoblin. You barely miss the hobgoblin.
The hobgoblin hits you with a mace!
You die...

.... #####....####
####...####....#
###.........####.# #
.......<.......).########
..####.........####.........
..>####...####...#########
##.###########.#.#
#.......(....#@#.#
#..###.......#g#.# #..#
#...........# #.g#
#...........#
#..##########....#
#........# ###### #.######.#
###)### ......#


You could see a hobgoblin.

Notes
Turn   | Place    | Note
-------+----------+-------------------------------------------
     0 | D:1      | theanonym the Demonspawn Monk began the quest for the Orb.
     0 | D:1      | Reached XP level 1. HP: 18/18 MP: 1/1
    78 | D:1      | HP: 8/18 [hobgoblin/club (4)]
   283 | D:1      | HP: 8/18 [kobold/dagger (3)]
   296 | D:1      | HP: 6/18 [bat (1)]
   303 | D:1      | HP: 5/18 [bat (1)]
   357 | D:1      | HP: 2/18 [hobgoblin/mace (5)]
   363 | D:1      | Mangled by a hobgoblin

Vanquished Creatures
  A bat (D:1)
  A giant cockroach (D:1)
  A goblin (D:1)
  A hobgoblin (D:1)
  A kobold (D:1)
5 creatures vanquished.

Table legend:
 A = Turns spent in this place as a percentage of turns spent in the entire game.
 B = Non-inter-level travel turns spent in this place as a percentage of non-inter-level travel turns spent in the entire game.
 C = Inter-level travel turns spent in this place as a percentage of turns spent in this place.
 D = Turns resting spent in this place as a percentage of non-inter-level travel turns spent in this place.
 E = Turns spent auto-exploring this place as a percentage of non-inter-level travel turns spent in this place.
 F = Non-inter-level travel turns spent in this place divided by the number of levels of this place that you've seen.
                   A       B       C       D       E      F
               +-------+-------+-------+-------+-------+----------------------
         Total | 100.0 | 100.0 |   0.0 |  60.3 |   8.5 | 363.0
       Dungeon | 100.0 | 100.0 |   0.0 |  60.3 |   8.5 | 363.0
               +-------+-------+-------+-------+-------+----------------------
